 Dungeon Crawl Stone Soup version 0.30-a0-824-g6c64550be9 (webtiles) character file.

Game seed: 11399294759958986585

3794 demibob the Basher (level 9, -5/80 HPs)
             Began as a Troll Berserker on Feb 28, 2023.
             Was an Elder of Trog.
             Slain by a manticore (9 damage)
             ... on level 7 of the Dungeon.
             The game lasted 00:06:28 (4502 turns).

demibob the Basher (Troll Berserker)                Turns: 4502, Time: 00:06:29

Health: -5/80      AC:  6    Str: 33    XL:     9   Next: 96%
Magic:  8/8        EV: 10    Int:  7    God:    Trog [****..]
Gold:   430        SH:  0    Dex:  9    Spells: 8/8 levels left

rFire   . . .      SeeInvis +    a - +0 mace (flame)
rCold   . . .      Faith    +    (no shield)
rNeg    . . .      Spirit   .    b - +0 animal skin
rPois   +          Reflect  .    l - +2 hat
rElec   .          Harm     .    (no cloak)
rCorr   .          Rampage  .    (gloves unavailable)
Will    .....                    (boots unavailable)
Stlth   +                        q - amulet of faith {!P}
HPRegen 1.13/turn                P - ring of poison resistance
MPRegen 0.11/turn                t - ring "Joral" {*Slow Str+6 Slay+6 SInv}

@: about to teleport, on berserk cooldown, slowed, very slow
A: large, unfitting armour, claws 3, regeneration 1, shaggy fur 1, tough skin 1
a: Renounce Religion, Berserk, Trog's Hand, Brothers in Arms


You were on level 7 of the Dungeon.
You worshipped Trog.
Trog was greatly pleased with you.
You visited 1 branch of the dungeon, and saw 7 of its levels.

You collected 430 gold pieces.


Innate Abilities, Weirdness & Mutations

You are too large for most types of armour.
You have claws for hands.
Your natural rate of healing is unusually fast.
You are covered in fur. (AC +1)
You have tough skin. (AC +1)


   Skills:
 - Level 2.4 Fighting
 + Level 13.3 Maces & Flails
 - Level 2.4 Dodging


You had 8 spell levels left.
You didn't know any spells.
Your spell library was empty.

Inventory:

Hand Weapons
 a - a +0 mace of flaming (weapon)
Armour
 b - a +0 animal skin (worn)
 l - a +2 hat (worn)
 u - a +0 cloak
Jewellery
 q - an amulet of faith (around neck) {!P}
 t - the ring "Joral" (right claw) {*Slow Str+6 Slay+6 SInv}
   (You found it on level 6 of the Dungeon)

   [ring of see invisible]

   Str:       It affects your strength (+6).
   Slay:      It affects your accuracy & damage with ranged weapons and melee
   (+6).
   SInv:      It lets you see invisible.
   *Slow:     It may slow you when you take damage.
 F - a ring of fire
 P - a ring of poison resistance (left claw)
Wands
 i - a wand of flame (18)
 w - a wand of charming (7)
Scrolls
 e - 2 scrolls of blinking
 g - 2 scrolls of immolation
 j - 2 scrolls of noise
 n - 3 scrolls of identify {@r1}
 o - a scroll of enchant weapon {unknown}
 s - a scroll of teleportation {@r2}
Potions
 d - 4 potions of mutation
 f - 2 potions of attraction {unknown}
 h - 2 potions of curing {unknown}
 k - a potion of berserk rage {unknown}
 m - 2 potions of degeneration {unknown}
 p - 2 potions of flight {unknown}
 r - 2 potions of lignification {unknown}
 v - 2 potions of invisibility {unknown}
 x - a potion of might {unknown}

Dungeon Overview and Level Annotations

Branches:
Dungeon (7/15)
 Temple: D:4-7

Altars:
Sif Muna
Wu Jian

Annotations:
D:7 1 runed translucent door

▓....▓..▓▓.▓.▓▓
▓▓.▓▓▓▓▓▓..▓..▓
▓▓..▓..▓▓..▓†.▓▓
.▓▓.▓:▓▓.▓.▓.▓.▓
▓▓▓...▓▓.▓.▓.▓.▓▓
†.▓▓.▓▓..▓†▓.▓..▓
▓.▓▓.▓▓..▓[▓:▓..▓▓
)▓▓.▓▓.▓▓▓▓▓▓▓▓▓)▓
▓▓.▓▓..▓....▓.▓▓@▓
▓▓.▓▓..▓..▓▓..▓▓H▓
▓.▓.▓▓....▓▓.▓▓▒O▒
▓.▓.▓▓.......▓▓▒T▒▓
.▓▓▓.▓▓.▓...▓▓▒▒o▒▒
. ▓.▓▓...▓.▓▓▒...▒▓
▓ ▓▓.▓▓..▓▓▓▒▒=▒.▒▒
▓.▓▓...▓▓▒h.▒})▒▓
▓▓.▓▓▓†▓▓.▓▓


You could see a two-headed ogre, a manticore, a troll, a howler monkey
(wandering) and an orc priest.


Message History

Your Maces & Flails skill increases to level 13!
Found a phial of floods and a long sword.
You are no longer berserk.
You are exhausted.
You feel yourself slow down.
The orc wizard hits you but does no damage.
Things that are here:
a +4 heavy trident; an elf corpse You bludgeon the orc wizard!!
You burn the orc wizard.
You kill the orc wizard!
Trog accepts your kill.
Trog appreciates your killing of a magic user.
The orc priest calls down the wrath of Beogh upon you.
Beogh smites you!
* * * LOW HITPOINT WARNING * * *
You hear a howl!
As you read the scroll of teleportation {@r2}, it crumbles to dust.
You feel strangely unstable. The manticore bites you!
* * * LOW HITPOINT WARNING * * *
The manticore barely misses you.
The manticore claws you but does no damage.
The manticore bites you!!
* * * LOW HITPOINT WARNING * * *
The manticore closely misses you. The manticore misses you.
You feel much better.
A howler monkey comes into view.
The manticore bites you!!
* * * LOW HITPOINT WARNING * * *
The manticore closely misses you. The manticore claws you!
You die...

Skill      XL: |  1  2  3  4  5  6  7  8  9 |
---------------+----------------------------+-----
Maces & Flails | 3 4 5 6 7 9 11 13 | 13.3
Fighting       | |  2.4
Dodging        | |  2.4

Action                     |  1- 3 |  4- 6 |  7- 9 || total
---------------------------+-------+-------+-------++-------
  Melee: Mace              |   143 |   162 |   201 ||   506
         Punch             |     2 |     5 |     5 ||    12
 Invoke: Berserk           |     1 |     2 |     4 ||     7
         Trog's Hand       |       |       |     1 ||     1
  Evoke: Wand              |       |       |     1 ||     1
    Use: Scroll            |     3 |     6 |     1 ||    10
         Potion            |       |       |     2 ||     2
   Stab: Sleeping          |       |       |     1 ||     1
 Armour: Animal skin       |    84 |    50 |    58 ||   192
  Dodge: Dodged            |    88 |    77 |    98 ||   263

Levels and vault maps discovered:
D:1:      tarquinn_simple_flora_water_b, layout_basic
D:2:      minmay_skewed_foursquare, layout_basic, basic_altar
D:3:      layout_loops_ring, shapermc_ecumenical_altar_mp_ritualfount,
          st_stairs_10, uniq_ijyb
D:4:      layout_loops_ring, mainiacjoe_overflow_cross_hatched,
          kennysheep_doodads
D:5:      layout_gridville
D:6:      layout_cave_pools, minmay_chambers_of_fives, uniq_blork_the_orc
D:7:      minmay_the_grid_triangle_9x9_rhombus_full
          [minmay_the_grid_triangle_9x9_tough_junction,
          minmay_the_grid_triangle_9x9_windchime,
          minmay_the_grid_triangle_9x9_shrine,
          minmay_the_grid_triangle_9x9_skeleton,
          minmay_the_grid_triangle_9x9_corrupted_corridor,
          minmay_the_grid_triangle_9x9_wacky_v,
          minmay_the_grid_triangle_9x9_swiss_cheese,
          minmay_the_grid_triangle_9x9_prize_insulated], layout_basic,
          trog_three_pillars_becter, mainiacjoe_overflow_boulevard

Notes
Turn   | Place    | Note
-------+----------+-------------------------------------------
     0 | D:1      | demibob the Troll Berserker began the quest for the Orb.
     0 | D:1      | Reached XP level 1. HP: 22/22 MP: 0/0
    97 | D:1      | Reached skill level 3 in Maces & Flails
   178 | D:1      | Reached XP level 2. HP: 29/29 MP: 1/1
   699 | D:2      | Reached XP level 3. HP: 36/36 MP: 2/2
   752 | D:2      | Reached ** piety under Trog
   776 | D:2      | Reached skill level 4 in Maces & Flails
  1123 | D:2      | Found a shimmering blue altar of Sif Muna.
  1308 | D:2      | Reached XP level 4. HP: 44/44 MP: 3/3
  1534 | D:3      | Found a faded altar of an unknown god.
  1633 | D:3      | Noticed Ijyb
  1655 | D:3      | Killed Ijyb
  1744 | D:3      | Reached skill level 5 in Maces & Flails
  1931 | D:3      | Reached XP level 5. HP: 47/50 MP: 4/4
  2242 | D:4      | Noticed a black bear
  2252 | D:4      | Killed a black bear
  2253 | D:4      | Reached skill level 6 in Maces & Flails
  2253 | D:4      | Reached XP level 6. HP: 59/59 MP: 5/5
  2286 | D:4      | Found an ornate altar of the Wu Jian Council.
  2353 | D:4      | Reached *** piety under Trog
  2536 | D:4      | Reached skill level 7 in Maces & Flails
  2948 | D:5      | Entered Level 5 of the Dungeon
  3022 | D:5      | Reached XP level 7. HP: 64/66 MP: 6/6
  3303 | D:5      | Reached skill level 8 in Maces & Flails
  3516 | D:6      | Identified the ring "Joral" {*Slow Str+6 Slay+6 SInv}
  3558 | D:6      | Noticed Blork the orc
  3567 | D:6      | Killed Blork the orc
  3643 | D:6      | Reached skill level 9 in Maces & Flails
  3643 | D:6      | Reached XP level 8. HP: 72/74 MP: 7/7
  3831 | D:6      | Reached **** piety under Trog
  3904 | D:6      | Reached skill level 10 in Maces & Flails
  4275 | D:7      | Found a runed translucent door.
  4286 | D:7      | Reached skill level 11 in Maces & Flails
  4292 | D:7      | Reached XP level 9. HP: 80/80 MP: 8/8
  4474 | D:7      | Noticed a deep elf pyromancer
  4475 | D:7      | Noticed a manticore
  4475 | D:7      | Noticed a two-headed ogre
  4488 | D:7      | Noticed a deep elf pyromancer
  4489 | D:7      | Noticed a manticore
  4491 | D:7      | Killed a deep elf pyromancer
  4491 | D:7      | Noticed a troll
  4492 | D:7      | Reached skill level 12 in Maces & Flails
  4495 | D:7      | Killed a manticore
  4498 | D:7      | Killed a deep elf pyromancer
  4499 | D:7      | Reached skill level 13 in Maces & Flails
  4501 | D:7      | HP: 3/80 [manticore (19)]
  4502 | D:7      | Slain by a manticore

Vanquished Creatures
  2 deep elf pyromancers (D:7)
  A manticore (D:7)
  A slime creature (D:7)
  2 water moccasins (D:7)
  3 black bears
  2 orc warriors (D:7)
  2 sky beasts (D:7)
  2 ogres (D:6)
  A centaur (D:5)
  3 phantoms
  Blork the orc (D:6)
  A bullfrog (D:5)
  2 scorpions
  A necrophage (D:6)
  A wight (D:7)
  A howler monkey (D:5)
  5 hounds
  3 jellies
  An orc priest (D:4)
  Ijyb (D:3)
  4 iguanas
  3 orc wizards
  4 adders
  4 gnolls (D:4)
  A shadow imp (D:6)
  3 white imps
  2 ufetubi (D:6)
  4 worms
  3 dart slugs
  21 orcs
  13 ball pythons
  An endoplasm (D:4)
  3 giant cockroaches
  2 goblins (D:2)
  9 hobgoblins
  A jackal (D:2)
  11 kobolds
  3 quokkas
  8 bats
  4 frilled lizards
  8 rats
148 creatures vanquished.

Table legend: (Time is in decaauts)
 A = Elapsed time spent in this place.
 B = Non-inter-level travel time spent in this place.
 C = Inter-level travel time spent in this place.
 D = Time resting spent in this place.
 E = Time spent auto-exploring this place.
 F = Levels seen in this place.
 G = Mean time per level.
                   A        B        C        D        E       F      G
               +--------+--------+--------+--------+--------+-----+--------+
         Total |   4584 |   4428 |    156 |    160 |   3253 |   7 |  654.9 |
       Dungeon |   4584 |   4428 |    156 |    160 |   3253 |   7 |  654.9 |
               +--------+--------+--------+--------+--------+-----+--------+

Top non-repeatable levels by time:
     D:2: 916 daAuts
     D:3: 784 daAuts
     D:4: 720 daAuts
     D:6: 640 daAuts
     D:1: 593 daAuts
     D:5: 552 daAuts
     D:7: 375 daAuts

Table legend:
 A = Non-vault XP
 B = Vault XP
 C = Vault XP percentage of total XP
 D = Non-vault monster count
 E = Vault monster count
 F = Vault count percentage of total count
                 A         B        C        D         E       F
            +---------+---------+-------+---------+---------+-------
      Total |    1945 |    3475 |  64.1 |     115 |      33 |  22.3
            +---------+---------+-------+---------+---------+-------
        D:1 |      34 |       0 |   0.0 |      25 |       0 |   0.0
        D:2 |      39 |      35 |  47.3 |      21 |       7 |  25.0
        D:3 |     100 |      40 |  28.6 |      15 |       4 |  21.1
        D:4 |     465 |       0 |   0.0 |      28 |       0 |   0.0
        D:5 |     482 |       0 |   0.0 |       9 |       0 |   0.0
        D:6 |     651 |     383 |  37.0 |      13 |       6 |  31.6
        D:7 |     174 |    3017 |  94.5 |       4 |      16 |  80.0
            +---------+---------+-------+---------+---------+-------
